 Dungeon Crawl Stone Soup version 0.23.1 (webtiles) character file.

Game seed: 1070958312310954932

39 Borgoz the Sneak (level 3, 0/24 (26) HPs)
             Began as a Ghoul Enchanter on Mar 14, 2019.
             Slain by a worker ant (5 damage)
             ... on level 2 of the Dungeon.
             The game lasted 00:03:57 (2045 turns).

Borgoz the Sneak (Ghoul Enchanter)                  Turns: 2045, Time: 00:03:58

HP:   0/24 (26)     AC:  5    Str:  8 (11) XL:     3   Next: 45%
MP:   1/5           EV: 10    Int:  6 (10) God:
Gold: 65            SH:  0    Dex:  9 (10) Spells: 3/6 levels left

rFire    . . .     SeeInvis .   a - +2 dagger
rCold    + . .     Gourm    .   (no shield)
rNeg     + + +     Faith    .   i - +0 ring mail
rPois    ∞         Spirit   .   (no helmet)
rElec    .         Reflect  .   (no cloak)
rCorr    +         Harm     .   (no gloves)
MR       .....                  (no boots)
Stlth    +.........             (no amulet)
HPRegen  0.00/turn              m - ring of resist corrosion
MPRegen  0.09/turn              (no ring)

@: very slightly contaminated, rotting
A: rotting body, claws 1, carnivore, cold resistance 1, negative energy
resistance 3, inhibited regeneration, torment resistance, unbreathing
a: no special abilities


You were on level 2 of the Dungeon.
You were not hungry.

You visited 1 branch of the dungeon, and saw 3 of its levels.

You collected 65 gold pieces.

Inventory:

Hand Weapons
 a - a +2 dagger (weapon)
Armour
 b - a +0 robe
 i - a +0 ring mail (worn)
Jewellery
 m - a ring of resist corrosion (left claw)
Scrolls
 e - 4 scrolls of remove curse
 j - 3 scrolls of identify
 k - a scroll of random uselessness
Potions
 p - a potion of cancellation
Comestibles
 d - 2 rations


   Skills:
 + Level 1.4 Short Blades
 + Level 0.4 Armour
 + Level 2.1 Dodging
 + Level 3.6 Stealth
 + Level 2.0 Spellcasting
 + Level 2.6 Hexes


You had 3 spell levels left.
You knew the following spells:

 Your Spells              Type           Power        Failure   Level  Hunger
a - Corona                Hex            #......      38%         1    ##.....
b - Ensorcelled Hibernat  Hex/Ice        #.....       73%         2    ###....

Your spell library contained the following spells:

 Spells                   Type           Power        Failure   Level  Hunger
 Confuse                  Hex            #.......     77%         3    ####...
 Tukima's Dance           Hex            #.......     77%         3    ####...
 Dazzling Spray           Conj/Hex       #.....       91%         3    ####...


Dungeon Overview and Level Annotations

Branches:
Dungeon (3/15)

Altars:


Innate Abilities, Weirdness & Mutations

Your body is rotting away.
You thrive on raw meat.
You are immune to poison.
You have sharp fingernails.
You are carnivorous and can eat meat at any time.
Your flesh is cold resistant. (rC+)
You are immune to negative energy. (rN+++)
You do not regenerate when monsters are visible.
You are immune to unholy pain and torment.
You can survive without breathing.


Message History

It is a scroll of identify.
k - a scroll of random uselessness The worker ant closely misses you.
As you read the scroll of identify, it crumbles to dust.
g - a scroll of enchant weapon The worker ant bites you.
As you read the scroll of enchant weapon, it crumbles to dust.
Your +1 dagger glows red for a moment.
The worker ant bites you.
You hit the worker ant but do no damage.
The worker ant misses you. The worker ant bites you.
You hit the worker ant but do no damage.
The worker ant bites you.
* * * LOW HITPOINT WARNING * * *
You hit the worker ant.
The worker ant is moderately wounded.
The worker ant closely misses you.
You hit the worker ant.
The worker ant is moderately wounded.
The worker ant bites you.
You die...

##.##+##.## #.# #..#...#..# #.#
.#.+...'.## #.# #
..a#...#..#######.# ##.
.#.##+##.#.....##.# #..
..........####.##.######## #.#
.#.#.#.#.#...............###.#
.......##.####.....#####..##.#
.#####.##.####..@.(######.##.####
.......##.......a............#...
.......#######.#.########..###...
.........÷.....(.................
.......#######...########...###..
######....÷......# .......#.###..
##########..# .....#.....### #..#
.....#.#...... #..# ....
#.#.#.###


You could see a worker ant.

Vanquished Creatures
  An adder skeleton (D:2)
  A worm (D:2)
  2 leopard geckos
  6 bats
  3 goblins (D:1)
  2 hobgoblins
  3 ball pythons
  2 frilled lizards
  6 kobolds
  A quokka skeleton (D:2)
  3 rats
30 creatures vanquished.

Notes
Turn   | Place    | Note
-------+----------+-------------------------------------------
     0 | D:1      | Borgoz the Ghoul Enchanter began the quest for the Orb.
     0 | D:1      | Reached XP level 1. HP: 14/14 MP: 2/2
   105 | D:1      | Reached skill level 1 in Short Blades
   133 | D:1      | Reached XP level 2. HP: 9/20 MP: 3/3
  1226 | D:1      | Learned a level 2 spell: Ensorcelled Hibernation
  1237 | D:2      | Reached XP level 3. HP: 19/26 MP: 2/5
  2045 | D:2      | Slain by a worker ant

Skill      XL: |  1  2 |
---------------+-------+-----
Short Blades   | 1 |  1.4
Dodging        | 2 |  2.1
Spellcasting   | 2 |  2.0
Armour         | |  0.4
Stealth        | |  3.6
Hexes          | |  2.6

Action                   || total
-------------------------++-------
Melee: Dagger            ||   138
 Cast: Corona            ||     1
       Ensorcelled Hiber ||     5
  Use: Potion            ||     6
       Scroll            ||     4
 Stab: Sleeping          ||     4
  Eat: Chunk             ||     6
Armor: Robe              ||     3
       Ring mail         ||    70
Dodge: Dodged            ||    93
